 Dungeon Crawl Stone Soup version 0.28-a0-1406-ga8dd43b1d0 (webtiles) character file.

Game seed: 9292480434778745849

2151 Lekart the Skirmisher (level 9, -2/79 HPs)
             Began as a Pale Draconian Fighter on Jan 6, 2022.
             Slain by an orc warrior (12 damage)
             ... on level 7 of the Dungeon.
             The game lasted 00:12:34 (7715 turns).

Lekart the Skirmisher (Pale Draconian Fighter)      Turns: 7715, Time: 00:12:34

Health: -2/79      AC:  7    Str: 19    XL:     9   Next: 10%
Magic:  9/9        EV: 14    Int:  8    God:
Gold:   735        SH:  5    Dex: 15    Spells: 8/8 levels left

rFire   . . .      SeeInvis .   c - +2 hand axe (elec)
rCold   . . .      Faith    .   b - +0 buckler
rNeg    . . .      Spirit   .   (armour unavailable)
rPois   .          Reflect  .   (helmet restricted)
rElec   .          Harm     .   (no cloak)
rCorr   .          Rampage  .   (no gloves)
Will    .....                   (no boots)
Stlth   +.........              (no amulet)
HPRegen 0.23/turn               (no ring)
MPRegen 0.11/turn               (no ring)

@: short of breath
A: breathe steam, AC +7, unfitting armour, cold-blooded, steam resistance
a: Breathe Steam


You were on level 7 of the Dungeon.
You visited 1 branch of the dungeon, and saw 7 of its levels.
You also visited: Sewer and Ossuary.

You collected 735 gold pieces.

Inventory:

Hand Weapons
 a - a +1 dagger of flaming
 c - a +2 hand axe of electrocution (weapon)
Missiles
 j - 3 atropa-tipped darts
 k - 2 curare-tipped darts (quivered)
 l - 12 poisoned darts
 m - a throwing net
Armour
 b - a +0 buckler (worn)
Jewellery
 i - a ring of resist corrosion
 r - a ring of fire
Wands
 g - a wand of digging (7)
 x - a wand of flame (7)
Scrolls
 d - 3 scrolls of blinking
 e - 2 scrolls of magic mapping
 n - 2 scrolls of teleportation
 o - 3 scrolls of fog
 v - 2 scrolls of identify
 w - a scroll of holy word {unknown}
Potions
 f - 4 potions of curing
 h - a potion of berserk rage
 p - a potion of haste {unknown}
 q - 2 potions of lignification {unknown}
 s - 2 potions of heal wounds {unknown}
 t - a potion of attraction {unknown}
 u - a potion of brilliance {unknown}
 z - a potion of mutation {unknown}


   Skills:
 * Level 7.6 Fighting
 + Level 3.8 Long Blades
 + Level 7.0 Axes
 + Level 2.2 Throwing
 + Level 5.2 Dodging
 + Level 4.4 Shields


You had 8 spell levels left.
You didn't know any spells.
Your spell library contained the following spells:

 Spells                   Type           Power      Damage    Failure   Level
 Summon Small Mammal      Summ           0%         N/A       50%         1
 Call Canine Familiar     Summ           0%         N/A       86%         3
 Summon Guardian Golem    Hex/Summ       0%         N/A       86%         3


Dungeon Overview and Level Annotations

Branches:
Dungeon (7/15)             Temple (0/1) D:4           Sewer (visited)
Ossuary (visited)

Altars:
Gozag
Okawaru
Qazlal
Uskayaw

Shops:
D:6 **

Annotations:
D:7 1 runed translucent door, Crazy Yiuf


Innate Abilities, Weirdness & Mutations

You can breathe blasts of scalding, opaque steam.
Your pale cyan-grey scales are hard. (AC +7)
You cannot fit into any form of body armour.
You are cold-blooded and may be slowed by cold attacks.
You are immune to the effects of steam.


Message History

The killer bee stings you.
You are poisoned.
The killer bee poisons you! The killer bee stings you.
You closely miss the killer bee.
The killer bee is severely wounded.
You feel sick. The killer bee stings you.
You barely miss the killer bee.
Your tail-slap misses the killer bee.
The killer bee is severely wounded.
You feel sick. The killer bee closely misses you. The killer bee stings you.
You barely miss the killer bee. You tail-slap the killer bee.
The killer bee is almost dead.
You feel sick. The killer bee stings you.
* * * LOW HITPOINT WARNING * * *
The killer bee closely misses you. You block the killer bee's attack.
Aiming: Breathe Steam (1% risk of failure)
Press: ? - help, Shift-Dir - straight line, f - killer bee
Aim: a killer bee (almost dead)
You exhale a blast of scalding steam.
The ball of steam hits the killer bee!
You kill the killer bee!
The ball of steam misses the orc warrior.
You feel sick.
The orc warrior is engulfed in a cloud of scalding steam.
Your Axes skill increases to level 7!
You hit the orc warrior but do no damage.
Lightning courses through the orc warrior!
The orc warrior is almost dead.
You feel sick.
The orc warrior is engulfed in a cloud of scalding steam.
The orc warrior barely misses you.
You closely miss the orc warrior.
The orc warrior is almost dead.
You feel sick.
You are no longer poisoned.
The orc warrior hits you with a +0 war axe!
* * * LOW HITPOINT WARNING * * *
You hit the orc warrior but do no damage.
Your tail-slap misses the orc warrior.
The orc warrior is almost dead.
The orc warrior hits you with a +0 war axe!
You die...

# ###....#
#...###.# #. #
#......# ##..#
#.# #.
#..#########..#
#.# #. #..##
#...).# #.# #[
### #...#
#.###.# .## #. #
###..)# #...#
#.# ... . ##
####.+...# #...#
#.#.#... .
.#..##...#
#...#####.#.#...
#.### ###
###..@o§....#
### #######.###
#...# #y))#
#.#.# ..#[.
.......
....##### .....#


You could see an orc warrior.

Vanquished Creatures
  Edmund (D:6)
  2 water moccasins
  A black bear (D:5)
  An ice beast (D:6)
  A necrophage (D:4)
  A centaur (D:6)
  An elf zombie (Ossuary)
  4 bullfrogs
  2 scorpions
  A water moccasin zombie (D:5)
  3 killer bees (D:7)
  A water moccasin skeleton (D:4)
  2 howler monkeys (D:6)
  A bullfrog zombie (D:5)
  3 hounds
  2 orc priests
  A gnoll shaman (D:6)
  3 iguanas
  2 orc wizards
  A hound skeleton (D:4)
  3 mummies (Ossuary)
  4 gnolls
  11 adders
  A shadow imp (D:6)
  2 white imps
  3 ufetubi
  An adder zombie (Ossuary)
  4 worms
  3 dart slugs
  17 orcs
  12 endoplasms
  12 giant cockroaches
  11 goblins
  5 hobgoblins
  9 jackals
  12 quokkas
  8 ball pythons
  6 bats
  12 frilled lizards
  A goblin zombie (D:6)
  2 hobgoblin zombies (Ossuary)
  4 kobolds
  3 kobold zombies (Ossuary)
  An orc zombie (Ossuary)
  4 quokka zombies (Ossuary)
  8 rats
  6 rat zombies (Ossuary)
199 creatures vanquished.

Vanquished Creatures (others)
  A rat (D:1)
1 creature vanquished.

Grand Total: 200 creatures vanquished

Notes
Turn   | Place    | Note
-------+----------+-------------------------------------------
     0 | D:1      | Lekart the Draconian Fighter began the quest for the Orb.
     0 | D:1      | Reached XP level 1. HP: 19/19 MP: 1/1
   247 | D:1      | Reached XP level 2. HP: 19/26 MP: 2/2
   585 | D:1      | Reached XP level 3. HP: 12/33 MP: 3/3
  1516 | D:2      | Found an opulent altar of Gozag.
  1644 | D:2      | You fall into a shaft and drop 1 floor!
  1656 | D:3      | Found a faded altar of an unknown god.
  1896 | D:3      | Noticed a scorpion
  1904 | D:3      | Killed a scorpion
  1905 | D:3      | Reached XP level 4. HP: 13/41 MP: 4/4
  2320 | D:3      | Found a stormy altar of Qazlal.
  2530 | D:3      | Reached XP level 5. HP: 47/47 MP: 5/5
  2720 | D:4      | Found a glowing drain.
  2724 | Sewer    | Entered a sewer
  3206 | Sewer    | HP: 1/47 [bullfrog (5)]
  3525 | Sewer    | Reached skill level 1 in Axes
  3525 | Sewer    | Reached skill level 1 in Throwing
  3798 | Sewer    | Reached skill level 5 in Fighting
  3798 | Sewer    | Reached XP level 6. HP: 52/56 MP: 6/6
  4160 | D:4      | Found a staircase to the Ecumenical Temple.
  4251 | D:4      | Found a hide-covered altar of Uskayaw.
  4320 | D:4      | Found an iron altar of Okawaru.
  4556 | D:4      | Your scales start taking on a pale cyan-grey colour.
  4556 | D:4      | Reached XP level 7. HP: 59/61 MP: 7/7
  4556 | D:4      | Gained mutation: You are immune to the effects of steam.
                  | [Pale Draconian growth]
  5135 | D:5      | Entered Level 5 of the Dungeon
  5488 | D:5      | Reached XP level 8. HP: 71/71 MP: 8/8
  5957 | D:6      | Found Sufismo's General Store.
  5962 | D:6      | Found Gaje's Specific Store.
  6002 | D:6      | Found a sand-covered staircase.
  6013 | Ossuary  | Entered an ossuary
  6429 | D:6      | Reached skill level 5 in Axes
  6881 | D:6      | Noticed Edmund
  6884 | D:6      | Killed Edmund
  7022 | D:6      | Reached skill level 5 in Dodging
  7552 | D:7      | Found a runed translucent door.
  7553 | D:7      | Noticed Crazy Yiuf
  7584 | D:7      | Reached XP level 9. HP: 70/79 MP: 9/9
  7715 | D:7      | Slain by an orc warrior

Illustrated notes

Levels and vault maps discovered:
D:1:      wander_arrival_lonely_grave, layout_basic, minmay_pentomino_u2
D:2:      layout_loops_corners, basic_altar, uniq_natasha
D:3:      layout_loops_ring, nicolae_qazlal_scattered_showers,
          hellmonk_ecumenical_altar_leap_of_faith
D:4:      minmay_polygon_palace, layout_loops_cross,
          nicolae_uskayaw_murder_on_the_dancefloor, kennysheep_little_box,
          minmay_temple_entry_from_below_a, gup_sewer_entry_bowl
D:5:      layout_loops_ring
D:6:      layout_basic, enter_ossuary_3, nicolae_specific_store, uniq_edmund
D:7:      layout_basic, minmay_unpleasant_kobolds, uniq_crazy_yiuf_cottage

Skill      XL: |  1  2  3  4  5  6  7  8  9 |
---------------+----------------------------+-----
Dodging        | 3 4 5 |  5.2
Fighting       | 4 5 6 7 |  7.6
Long Blades    | 3 |  3.8
Axes           | 1 2 4 6 7 |  7.0
Throwing       | 1 2 |  2.2
Shields        | 4 |  4.4

Action                   |  1- 3 |  4- 6 |  7- 9 || total
-------------------------+-------+-------+-------++-------
Melee: Long sword        |   146 |     9 |       ||   155
       Tailslap          |     7 |    16 |    24 ||    47
       Hand axe          |       |   129 |   211 ||   340
Throw: Dart              |       |    36 |     5 ||    41
 Abil: Breathe Steam     |       |       |     8 ||     8
  Use: Scroll            |     2 |     3 |     3 ||     8
       Potion            |     1 |     2 |     1 ||     4
 Stab: Sleeping          |     2 |       |       ||     2
Armor: Skin              |    57 |    46 |    70 ||   173
Dodge: Dodged            |   105 |    82 |   143 ||   330
Block: Buckler           |    36 |    29 |    38 ||   103

Table legend: (Time is in decaauts)
 A = Elapsed time spent in this place.
 B = Non-inter-level travel time spent in this place.
 C = Inter-level travel time spent in this place.
 D = Time resting spent in this place.
 E = Time spent auto-exploring this place.
 F = Levels seen in this place.
 G = Mean time per level.
                   A        B        C        D        E       F      G
               +--------+--------+--------+--------+--------+-----+--------+
         Total |   7928 |   7553 |    375 |   1023 |   5034 |   9 |  880.9 |
       Dungeon |   6377 |   6002 |    375 |    425 |   4577 |   7 |  911.0 |
         Sewer |   1233 |   1233 |      0 |    502 |    384 |   1 | 1233.0 |
       Ossuary |    317 |    317 |      0 |     96 |     73 |   1 |  317.0 |
               +--------+--------+--------+--------+--------+-----+--------+

Top non-repeatable levels by time:
     D:4: 1301 daAuts
     D:1: 1248 daAuts
   Sewer: 1233 daAuts
     D:3: 1117 daAuts
     D:6: 1052 daAuts
     D:5: 850 daAuts
     D:2: 433 daAuts
     D:7: 372 daAuts
 Ossuary: 317 daAuts
